 Dungeon Crawl Stone Soup version 0.29-a0-364-g921d912d32 (webtiles) character file.

Game seed: 9343862287556299184

174 sammy202020 the Skirmisher (level 5, -7/47 HPs)
             Began as a Minotaur Fighter on Apr 30, 2022.
             Mangled by Crazy Yiuf
             ... wielding a +2 quarterstaff of chaos
              (8 damage)
             ... on level 3 of the Dungeon.
             The game lasted 00:02:59 (2732 turns).

sammy202020 the Skirmisher (Minotaur Fighter)       Turns: 2732, Time: 00:02:59

Health: -7/47      AC: 10    Str: 21    XL:     5   Next: 28%
Magic:  4/4        EV:  7    Int:  7    God:
Gold:   144        SH:  4    Dex:  9    Spells: 4/4 levels left

rFire   . . .      SeeInvis .   a - +0 war axe
rCold   . . .      Faith    .   c - +0 buckler
rNeg    . . .      Spirit   .   h - +1 chain mail
rPois   .          Reflect  .   (helmet restricted)
rElec   .          Harm     .   (no cloak)
rCorr   .          Rampage  .   (no gloves)
Will    .....                   (no boots)
Stlth   ..........              r - amulet of regeneration
HPRegen 0.95/turn               (no ring)
MPRegen 0.09/turn               (no ring)

@: no status effects
A: horns 2, retaliatory headbutt
a: no special abilities


You were on level 3 of the Dungeon.
You visited 1 branch of the dungeon, and saw 3 of its levels.

You collected 144 gold pieces.

Inventory:

Hand Weapons
 a - a +0 war axe (weapon)
 j - a +0 mace
 k - a +0 hunting sling
Missiles
 p - 4 poisoned darts (quivered)
 t - 5 silver javelins
Armour
 c - a +0 buckler (worn)
 h - a +1 chain mail (worn)
Jewellery
 l - a ring of wizardry
 r - an amulet of regeneration (around neck)
Wands
 q - a wand of flame (22)
Scrolls
 b - 2 scrolls of enchant armour
 f - 2 scrolls of magic mapping {unknown}
 s - a scroll of identify
 u - a scroll of silence {unknown}
 v - 2 scrolls of teleportation {unknown}
Potions
 d - a potion of might
 e - 2 potions of heal wounds
 g - a potion of brilliance {unknown}
 i - a potion of attraction {unknown}
 m - a potion of lignification {unknown}
 n - a potion of haste {unknown}
 o - a potion of curing {unknown}


   Skills:
 * Level 4.8 Fighting
 * Level 4.1 Axes
 + Level 4.3 Armour
 + Level 1.8 Dodging
 + Level 4.3 Shields


You had 4 spell levels left.
You didn't know any spells.
Your spell library contained the following spells:

 Spells                   Type           Power      Damage    Failure   Level
 Freeze                   Ice            0%         1d3       99%         1
 Dazzling Flash           Conj/Hex       0%         N/A       100%        3
 Frozen Ramparts          Ice            0%         1d2       100%        3
 Hailstorm                Conj/Ice       0%         3d3       100%        4
 Iskenderun's Mystic Bla  Conj/Tloc      0%         2d3       100%        4
 Starburst                Conj/Fire      0%         6d3       100%        6


Dungeon Overview and Level Annotations

Branches:
Dungeon (3/15)

Altars:

Annotations:
D:3 Crazy Yiuf


Innate Abilities, Weirdness & Mutations

You have a pair of horns on your head.
You reflexively headbutt those who attack you in melee.


Message History

No target in view!
No target in view!
No target in view!
You see here a +0 hand axe.
Things that are here:
a +0 dagger; a rat skeleton
There is a stone staircase leading up here.
Crazy Yiuf shouts!
Crazy Yiuf laughs, "Shadow!
Orb dark arga."
Could not explore, unopened runed door.
Could not explore, unopened runed door.
Could not explore, unopened runed door.
You open the door.
Crazy Yiuf whimpers, "East snail verde!"
You hit Crazy Yiuf.
You headbutt Crazy Yiuf, but do no damage.
Crazy Yiuf is moderately wounded.
You block Crazy Yiuf's attack.
Crazy Yiuf hits you with a +2 quarterstaff of chaos!
Crazy Yiuf freezes you.
You closely miss Crazy Yiuf. You headbutt Crazy Yiuf.
Crazy Yiuf is moderately wounded.
Crazy Yiuf whimpers, "Lay hog sallow!"
Crazy Yiuf hits you with a +2 quarterstaff of chaos.
You are confused.
You closely miss Crazy Yiuf.
You headbutt Crazy Yiuf, but do no damage.
Crazy Yiuf is moderately wounded.
Crazy Yiuf hits you with a +2 quarterstaff of chaos.
You are electrocuted!
* * * LOW HITPOINT WARNING * * *
You barely miss Crazy Yiuf.
Crazy Yiuf is moderately wounded.
You feel less confused.
Crazy Yiuf hits you with a +2 quarterstaff of chaos!
* * * LOW HITPOINT WARNING * * *
Crazy Yiuf burns you.
* * * LOW HITPOINT WARNING * * *
Crazy Yiuf hits you with a +2 quarterstaff of chaos!
You die...

#.......).#
#.....# ###
#..########
###########
..# #.##
#..... #.#
#.# #####
#.....
#.#######.##
#)..#
#######.....
...........#
#...#
#.....'.....
...........#
...
##.####.....
#.#.########
#g# #.#
###### ..#.#
♣@♣♣ #.#
###)# ♣♣.♣
#.# ....#
♣.♣♣ #.#
.#..# ♣♣.♣
#.# ##..#
♣♣.♣♣ #.#
....# ♣♣...♣
#.# ##.##
♣....♣ #.#
#.# ##..##
#.#
##.##########
#....####.#


You could see Crazy Yiuf.

Vanquished Creatures
  Jessica (D:3)
  Natasha (twice) (D:2)
  2 adders
  A worm (D:3)
  4 dart slugs
  An orc (D:3)
  4 endoplasms
  3 giant cockroaches (D:2)
  7 goblins
  8 hobgoblins
  3 jackals (D:1)
  6 kobolds
  2 quokkas (D:1)
  7 ball pythons
  6 bats
  3 frilled lizards
  8 rats
68 creatures vanquished.

Notes
Turn   | Place    | Note
-------+----------+-------------------------------------------
     0 | D:1      | sammy202020 the Minotaur Fighter began the quest for the
                  | Orb.
     0 | D:1      | Reached XP level 1. HP: 19/19 MP: 0/0
   240 | D:1      | Reached XP level 2. HP: 21/27 MP: 1/1
   557 | D:1      | Found a faded altar of an unknown god.
   830 | D:1      | Reached XP level 3. HP: 31/33 MP: 2/2
  1227 | D:2      | Noticed Natasha
  1231 | D:2      | Killed Natasha
  1232 | D:2      | Reached skill level 1 in Dodging
  1477 | D:2      | Reached XP level 4. HP: 39/41 MP: 3/3
  1729 | D:2      | Noticed Natasha
  1737 | D:2      | Killed Natasha
  2085 | D:3      | Noticed Jessica
  2091 | D:3      | Killed Jessica
  2092 | D:3      | Reached XP level 5. HP: 34/47 MP: 4/4
  2483 | D:3      | Found a runed translucent door.
  2484 | D:3      | Noticed Crazy Yiuf
  2732 | D:3      | HP: 1/47 [Crazy Yiuf/+2 quarterstaff of chaos (3)]
  2732 | D:3      | Mangled by Crazy Yiuf

Illustrated notes

Levels and vault maps discovered:
D:1:      dpeg_arrival_signposts, layout_basic, ebering_ecumenical_altar_mist
D:2:      layout_basic, uniq_natasha
D:3:      layout_basic, uniq_jessica, uniq_crazy_yiuf_cottage

Skill      XL: |  1  2  3  4 |
---------------+-------------+-----
Fighting       | 4 |  4.8
Axes           | 3 4 |  4.1
Armour         | 4 |  4.3
Dodging        | 1 |  1.8
Shields        | 4 |  4.3

Action                   |  1- 3 |  4- 6 || total
-------------------------+-------+-------++-------
Melee: War axe           |    79 |    71 ||   150
       Headbutt          |     7 |    11 ||    18
  Use: Scroll            |       |     3 ||     3
Armor: Scale mail        |     5 |       ||     5
       Chain mail        |    32 |    50 ||    82
Dodge: Dodged            |    38 |    25 ||    63
Block: Buckler           |    28 |    13 ||    41

Table legend: (Time is in decaauts)
 A = Elapsed time spent in this place.
 B = Non-inter-level travel time spent in this place.
 C = Inter-level travel time spent in this place.
 D = Time resting spent in this place.
 E = Time spent auto-exploring this place.
 F = Levels seen in this place.
 G = Mean time per level.
                   A        B        C        D        E       F      G
               +--------+--------+--------+--------+--------+-----+--------+
         Total |   2786 |   2737 |     49 |      0 |   2253 |   3 |  928.7 |
       Dungeon |   2786 |   2737 |     49 |      0 |   2253 |   3 |  928.7 |
               +--------+--------+--------+--------+--------+-----+--------+

Top non-repeatable levels by time:
     D:1: 1246 daAuts
     D:2: 796 daAuts
     D:3: 743 daAuts
